 Dungeon Crawl Stone Soup version 0.27-a0-972-gd1521fd518 (webtiles) character file.

Game seed: 5792204092313166272

2 harryhousin the Archer (level 1, -2/20 HPs)
             Began as a Gnoll Wanderer on Apr 13, 2021.
             Killed by Freeze
             ... generated by an endoplasm
              (3 damage)
             ... on level 1 of the Dungeon.
             The game lasted 00:01:09 (40 turns).

harryhousin the Archer (Gnoll Wanderer)               Turns: 40, Time: 00:01:10

Health: -2/20      AC:  2    Str:  9    XL:     1   Next: 30%
Magic:  1/1        EV:  8    Int: 14    God:
Gold:   0          SH:  0    Dex: 10    Spells: 0/0 levels left

rFire    . . .     SeeInvis .   a - +2 shortbow
rCold    . . .     Faith    .   (shield currently unavailable)
rNeg     . . .     Spirit   .   e - +0 robe
rPois    .         Reflect  .   (no helmet)
rElec    .         Harm     .   (no cloak)
rCorr    .         Rampage  .   (no gloves)
Will     .....                  (no boots)
Stlth    +.........             (no amulet)
HPRegen  0.06/turn              (no ring)
MPRegen  0.07/turn              (no ring)

@: constricted
A: fangs 1, strong nose, distributed training
a: no special abilities


You were on level 1 of the Dungeon.
You visited 1 branch of the dungeon, and saw 1 of its levels.

Inventory:

Hand Weapons
 a - a +2 shortbow (weapon)
Missiles
 b - 27 arrows (quivered ammo)
Armour
 d - a +0 kite shield
 e - a +0 robe (worn)
Scrolls
 f - a scroll of noise {unknown}
Potions
 c - a potion of lignification


   Skills:
 + Level 4.4 Fighting
 + Level 0.0 Short Blades
 + Level 0.0 Long Blades
 + Level 0.0 Axes
 + Level 0.0 Maces & Flails
 + Level 0.0 Polearms
 + Level 0.0 Staves
 + Level 0.0 Slings
 + Level 10.3 Bows
 + Level 0.0 Crossbows
 + Level 0.0 Throwing
 + Level 2.3 Armour
 + Level 0.0 Dodging
 + Level 0.0 Stealth
 + Level 4.4 Shields
 + Level 0.0 Unarmed Combat
 + Level 0.0 Spellcasting
 + Level 0.0 Conjurations
 + Level 0.0 Hexes
 + Level 0.0 Summonings
 + Level 0.0 Necromancy
 + Level 0.0 Translocations
 + Level 0.0 Transmutations
 + Level 0.0 Fire Magic
 + Level 0.0 Ice Magic
 + Level 0.0 Air Magic
 + Level 0.0 Earth Magic
 + Level 0.0 Poison Magic
 + Level 0.1 Invocations
 + Level 0.0 Evocations


You couldn't memorise any spells.
You didn't know any spells.
Your spell library was empty.

Dungeon Overview and Level Annotations

Branches:
Dungeon (1/15)

Altars:


Innate Abilities, Weirdness & Mutations

You have very sharp teeth.
Your uncanny sense of smell can sniff out nearby items.
Your experience applies equally to all skills.


Message History

You are frozen.
The bat moves out of view.
Really attack while wielding your +2 shortbow?
You clumsily bash the endoplasm but do no damage.
The endoplasm is lightly wounded.
A goblin comes into view. It is wielding a +0 dagger.
The endoplasm hits you.
The goblin moves out of view.
You don't know any spells.
You clumsily bash the endoplasm but do no damage.
The endoplasm is lightly wounded.
The endoplasm freezes you.
You are frozen.
The endoplasm closely misses you.
You clumsily bash the endoplasm but do no damage.
Your bite misses the endoplasm.
The endoplasm is lightly wounded.
The endoplasm closely misses you.
You clumsily bash the endoplasm but do no damage.
You bite the endoplasm, but do no damage.
The endoplasm is lightly wounded.
The ball python closely misses you. The ball python grabs you.
The ball python constricts you. The endoplasm completely misses you.
The ball python barely misses you. The ball python constricts you.
The endoplasm freezes you.
You are frozen.
* * * LOW HITPOINT WARNING * * *
You clumsily bash the endoplasm but do no damage.
The endoplasm is lightly wounded.
The ball python bites you.
* * * LOW HITPOINT WARNING * * *
x2 The ball python constricts you.
The endoplasm hits you.
* * * LOW HITPOINT WARNING * * *
The ball python barely misses you. The ball python constricts you.
You clumsily bash the endoplasm but do no damage.
The endoplasm is lightly wounded.
The endoplasm barely misses you.
The ball python bites you but does no damage.
* * * LOW HITPOINT WARNING * * *
The ball python constricts you. The endoplasm freezes you.
You are frozen.
You die...

#.# #.# .# #.# #.# ###
##.## #.# ##.###≈###...#
#######.#### #....≈P≈...#.≈
...........###.##≈P⌠P≈≈≈≈≈♣
#######........##.≈P.......
#...#.##..#...≈...<...
.....###.........≈♣.......
###.# .##@.#..#.≈♣⌠♣≈≈≈≈≈♣
#.. #..JS..†##.≈♣≈.##.#≈ #.
#..#..#.####.≈#....## .
##....#.# #..#.#### #.
...#.#.# #..... .... .#.#
#...... ..... .#. ....
...... ... ..


You could see an endoplasm and a ball python.

Vanquished Creatures
  A goblin (D:1)
  A ball python (D:1)
2 creatures vanquished.

Notes
Turn   | Place    | Note
-------+----------+-------------------------------------------
     0 | D:1      | Reached skill level 10 in Bows
     0 | D:1      | harryhousin the Gnoll Wanderer began the quest for the Orb.
     0 | D:1      | harryhousin set off with the following items: a +2
                  | shortbow, 29 arrows, a potion of lignification, a +0 kite
                  | shield, a +0 robe
     0 | D:1      | Reached XP level 1. HP: 20/20 MP: 1/1
    40 | D:1      | HP: 1/20 [ball python (1)]
    40 | D:1      | Killed from afar by an endoplasm

Illustrated notes

Levels and vault maps discovered:
D:1:      ldierk_water_garden, layout_loops_ring, minivault_4,
          corexii_hall_statues_deadend

Skill      XL: | |
---------------+-+-----
Bows           | | 10.3
Fighting       | |  4.4
Armour         | |  2.3
Shields        | |  4.4
Invocations    | |  0.1

Action                   || total
-------------------------++-------
Melee: Shortbow          ||     6
       Bite              ||     1
 Fire: Shortbow          ||     3
Armor: Robe              ||     1
Dodge: Dodged            ||     7

Table legend: (Time is in decaauts)
 A = Elapsed time spent in this place.
 B = Non-inter-level travel time spent in this place.
 C = Inter-level travel time spent in this place.
 D = Time resting spent in this place.
 E = Time spent auto-exploring this place.
 F = Levels seen in this place.
 G = Mean time per level.
                   A        B        C        D        E       F      G
               +--------+--------+--------+--------+--------+-----+--------+
         Total |     42 |     42 |      0 |      0 |      0 |   1 |   42.0 |
       Dungeon |     42 |     42 |      0 |      0 |      0 |   1 |   42.0 |
               +--------+--------+--------+--------+--------+-----+--------+

Top non-repeatable levels by time:
     D:1: 42 daAuts
